 Dungeon Crawl Stone Soup version 0.31-a0-188-g5e087ee2ca (webtiles) character file.

Game seed: 10783284172485915186

121 qw the Skirmisher (level 4, -1/25 HPs)
             Began as a Deep Elf Hunter on June 23, 2023.
             Slain by an orc priest
             ... wielding a +0 falchion
              (2 damage)
             ... on level 3 of the Dungeon.
             The game lasted 00:01:07 (1910 turns).

qw the Skirmisher (Deep Elf Hunter)                 Turns: 1910, Time: 00:01:07

Health: -1/25      AC:  8    Str: 10    XL:     4   Next: 76%
Magic:  6/6        EV: 11    Int: 14    God:
Gold:   76         SH:  0    Dex: 18    Spells: 3/3 levels left

rFire   . . .        Y - +0 shortbow
rCold   . . .        (shield currently unavailable)
rNeg    . . .        f - +0 ring mail
rPois   .            l - +2 helmet
rElec   .            (no cloak)
rCorr   .            (no gloves)
SInv    .            (no boots)
Will    .....        (no amulet)
Stlth   +            (no ring)
HPRegen 0.24/turn    (no ring)
MPRegen 0.10/turn

%: no passive effects
@: no status effects
A: no striking features
a: no special abilities


You were on level 3 of the Dungeon.
You visited 1 branch of the dungeon, and saw 3 of its levels.

You collected 76 gold pieces.


   Skills:
 - Level 1.5 Fighting
 + Level 8.2 Ranged Weapons
 - Level 2.4 Dodging
 - Level 1.2 Stealth


You had 3 spell levels left.
You didn't know any spells.
Your spell library was empty.

Inventory:

Hand Weapons
 Y - a +0 shortbow (weapon)
Armour
 f - a +0 ring mail (worn)
 l - a +2 helmet (worn)
Scrolls
 a - 3 scrolls of identify
 c - a scroll of teleportation {unknown}
Potions
 b - a potion of mutation {unknown}

Dungeon Overview and Level Annotations

Branches:
Dungeon (3/15)

Altars:


Message History

The ball python hisses angrily.
An orc priest comes into view. It is wielding a +0 falchion.
Enter note:
Enter note:
1899 ||| Stepping ~*~*~tactically~*~*~ (outnumbered).
You shoot an arrow. The arrow hits the ball python.
You kill the ball python!
The orc priest casts a cantrip, but nothing happens.
You shoot an arrow. The arrow hits the orc priest.
The orc priest is lightly wounded.
The orc priest calls down the wrath of Beogh upon you.
Beogh smites you!
You shoot an arrow.
The arrow closely misses the orc priest.
You shoot an arrow. The arrow barely misses the orc priest.
The orc priest hits you with a +0 falchion.
You shoot an arrow.
The arrow closely misses the orc priest.
The orc misses you.
The orc priest miscasts a cantrip.
You shoot an arrow.
The arrow hits the orc priest but does no damage.
The orc priest is lightly wounded.
The orc hits you with a +0 hand axe. The orc priest misses you.
You shoot an arrow. The arrow hits the orc priest.
The orc priest is moderately wounded.
The orc closely misses you.
The orc priest looks satisfied for a moment.
You shoot an arrow. The arrow barely misses the orc priest.
The orc hits you with a +0 hand axe.
The orc priest hits you but does no damage.
The orc priest closely misses you. The orc barely misses you.
You shoot an arrow. The arrow hits the orc priest!
The orc priest is almost dead.
The orc hits you with a +0 hand axe.
The orc priest hits you with a +0 falchion.
You shoot an arrow. The arrow barely misses the orc priest.
The orc hits you but does no damage.
The orc priest hits you with a +0 falchion.
You die...

#.# #.# ##.###
#.#.# #.#
.....
#.#.###.# ....
#.#.#...# ...
#.#.#.#### ..
#.#.#....#
######.
#.#.####.#
......o###.#.#
#.#
......o@.....#
#.#
##########.###
#.# #.# #)#
#.######.#
#........#
#.######.# ###
###


You could see an orc priest and an orc.

Vanquished Creatures
  An orc wizard (D:2)
  Robin (D:2)
  An adder (D:2)
  A worm (D:2)
  3 dart slugs
  4 orcs (D:2)
  5 ball pythons
  3 endoplasms
  3 giant cockroaches
  9 goblins
  7 hobgoblins
  2 jackals (D:1)
  4 quokkas
  5 bats
  3 frilled lizards
  4 kobolds (D:1)
  5 rats (D:1)
61 creatures vanquished.

Notes
Turn   | Place    | Note
-------+----------+-------------------------------------------
     0 | D:1      | qw the Deep Elf Hunter began the quest for the Orb.
     0 | D:1      | Reached XP level 1. HP: 12/12 MP: 3/3
     0 | D:1      | 0 ||| qw: Version: 0.3-a-9-g12657ce
     0 | D:1      | 0 ||| qw: Game counter: 3232
     0 | D:1      | 0 ||| qw: Always use a shield: true
     0 | D:1      | 0 ||| qw: God list: Okawaru
     0 | D:1      | 0 ||| qw: Allow faded altars: false
     0 | D:1      | 0 ||| qw: Do Orc after D:15 true
     0 | D:1      | 0 ||| qw: Do second Lair branch before Depths: true
     0 | D:1      | 0 ||| qw: Lair rune preference: random
     0 | D:1      | 0 ||| qw: Plans: Normal
     0 | D:1      | 0 ||| PLANNING D:1-11
    62 | D:1      | Found a faded altar of an unknown god.
   140 | D:1      | Reached skill level 6 in Ranged Weapons
   140 | D:1      | Reached XP level 2. HP: 16/16 MP: 4/4
   364 | D:1      | Reached XP level 3. HP: 16/20 MP: 5/5
   564 | D:1      | 564 ||| READING scroll labelled TISCHE UNECLOEF.
   565 | D:1      | 565 ||| DROPPING scroll of butterflies.
   625 | D:2      | Reached skill level 7 in Ranged Weapons
   625 | D:2      | 625 ||| FLEEEEING.
   626 | D:2      | 626 ||| FLEEEEING.
   627 | D:2      | 627 ||| FLEEEEING.
   628 | D:2      | 628 ||| FLEEEEING.
   632 | D:2      | 632 ||| FLEEEEING.
   633 | D:2      | 633 ||| FLEEEEING.
   634 | D:2      | 634 ||| FLEEEEING.
   635 | D:2      | 635 ||| FLEEEEING.
   636 | D:2      | 636 ||| FLEEEEING.
   637 | D:2      | 637 ||| FLEEEEING.
   638 | D:2      | 638 ||| FLEEEEING.
   639 | D:2      | 639 ||| FLEEEEING.
   640 | D:2      | 640 ||| FLEEEEING.
   641 | D:2      | 641 ||| STAIRDANCE
   649 | D:2      | 649 ||| STAIRDANCE
   703 | D:2      | 703 ||| FLEEEEING.
   923 | D:2      | 923 ||| FLEEEEING.
   924 | D:2      | 924 ||| FLEEEEING.
   925 | D:2      | 925 ||| FLEEEEING.
  1025 | D:2      | 1025 ||| Invisibility monster not found???
  1046 | D:2      | Reached XP level 4. HP: 17/25 MP: 6/6
  1101 | D:2      | HP: 6/25 [orc/+4 short sword (4)]
  1417 | D:2      | Noticed Robin
  1431 | D:2      | Killed Robin
  1432 | D:2      | Reached skill level 8 in Ranged Weapons
  1635 | D:2      | 1635 ||| UPGRADING to +0 helmet.
  1672 | D:2      | 1672 ||| UPGRADING to +0 ring mail.
  1682 | D:2      | 1682 ||| DROPPING +0 leather armour.
  1683 | D:2      | 1683 ||| UPGRADING to +2 helmet.
  1693 | D:2      | 1693 ||| DROPPING +0 helmet.
  1694 | D:2      | 1694 ||| READING scroll labelled SUIHOU TAPI.
  1695 | D:2      | 1695 ||| READING scroll labelled NUIDOJ QOWEU.
  1696 | D:2      | 1696 ||| READING scroll labelled LYLEAB QADI.
  1697 | D:2      | 1697 ||| READING scroll labelled LAEBBA JIKUA.
  1698 | D:2      | 1698 ||| READING 3 scrolls labelled ZIATESCHAUR.
  1699 | D:2      | 1699 ||| READING scroll labelled LIDORAISO JIUZ.
  1700 | D:2      | 1700 ||| READING 4 scrolls of identify.
  1700 | D:2      | 1700 ||| IDENTIFYING orange potion
  1701 | D:2      | 1701 ||| DROPPING potion of lignification.
  1702 | D:2      | 1702 ||| DROPPING 2 scrolls of fog.
  1708 | D:2      | HP: 5/25 [poisoned by you (poison gas)]
  1712 | D:2      | HP: 2/25 [poisoned by you (poison gas)]
  1899 | D:3      | 1899 ||| Stepping ~*~*~tactically~*~*~ (outnumbered).
  1909 | D:3      | HP: 6/25 [orc/+0 hand axe (3)]
  1909 | D:3      | HP: 1/25 [orc priest/+0 falchion (5)]
  1910 | D:3      | Slain by an orc priest

Levels and vault maps discovered:
D:1:      dpeg_arrival_erosion, layout_basic, shapermc_ecumenical_altar_ellora,
          st_stairs_5, lemuel_flame_loot_1
D:2:      layout_basic, uniq_robin
D:3:      cheibrodos_old_hovel, layout_basic, zin_scriptorium, serial_shops,
          shop, uniq_crazy_yiuf_cottage

Skill      XL: |  1  2  3  4 |
---------------+-------------+-----
Ranged Weapons | 6 7 8 |  8.2
Fighting       | |  1.5
Dodging        | |  2.4
Stealth        | |  1.2

Action                     |  1- 3 |  4- 6 || total
---------------------------+-------+-------++-------
   Fire: Shortbow          |   211 |    56 ||   267
    Use: Scroll            |     1 |     7 ||     8
 Armour: Leather armour    |     6 |       ||     6
         Ring mail         |       |     3 ||     3
  Dodge: Dodged            |    25 |    12 ||    37

Table legend:
 A = Non-vault XP
 B = Vault XP
 C = Vault XP percentage of total XP
 D = Non-vault monster count
 E = Vault monster count
 F = Vault count percentage of total count
                 A         B        C        D         E       F
            +---------+---------+-------+---------+---------+-------
      Total |     138 |      35 |  20.2 |      50 |      11 |  18.0
            +---------+---------+-------+---------+---------+-------
        D:1 |      47 |       6 |  11.3 |      29 |       3 |   9.4
        D:2 |      88 |      29 |  24.8 |      19 |       8 |  29.6
        D:3 |       3 |       0 |   0.0 |       2 |       0 |   0.0
            +---------+---------+-------+---------+---------+-------
